 Dungeon Crawl Stone Soup version 0.22.0-5-gf09313c8f9 (webtiles) character file.

92 Htamos the Magician (level 4, -1/24 HPs)
             Began as a Deep Elf Wizard on Aug 13, 2018.
             Slain by a gnoll
             ... wielding a +0 club
              (5 damage)
             ... on level 3 of the Dungeon.
             The game lasted 00:02:43 (2382 turns).

Htamos the Magician (Deep Elf Wizard)               Turns: 2382, Time: 00:02:44

Health: -1/24      AC:  3    Str:  4    XL:     4   Next: 35%
Magic:  5/13       EV: 12    Int: 24    God:
Gold:   106        SH:  4    Dex: 13    Spells: 13/14 levels left

rFire    + . .     SeeInvis .   (no weapon)
rCold    . . .     Gourm    .   k - +0 buckler {rF+}
rNeg     . . .     Faith    .   a - +0 robe
rPois    .         Spirit   .   b - +0 hat
rElec    .         Reflect  .   (no cloak)
rCorr    .         Harm     .   (no gloves)
MR       .....                  g - +0 pair of boots
Stlth    ++........             (no amulet)
HPRegen  0.08/turn              (no ring)
MPRegen  0.13/turn              (no ring)

@: no status effects
A: no striking features
a: no special abilities


You were on level 3 of the Dungeon.
You were not hungry.

You visited 1 branch of the dungeon, and saw 3 of its levels.

You collected 106 gold pieces.

Inventory:

Armour
 a - a +0 robe (worn)
 b - a +0 hat (worn)
 g - a +0 pair of boots (worn)
 k - a +0 buckler of fire resistance (worn)
Jewellery
 c - an uncursed ring of poison resistance {unknown}
Scrolls
 e - a scroll of teleportation {unknown}
 f - a scroll of blinking {unknown}
 h - a scroll of magic mapping {unknown}
 j - 5 scrolls of identify {unknown}
Potions
 i - a potion of curing {unknown}
 l - a potion of agility {unknown}
 n - a potion of might {unknown}
Comestibles
 d - 6 rations
 m - 4 chunks of flesh


   Skills:
 - Level 2.4 Dodging
 - Level 2.4 Stealth
 * Level 1.3 Shields
 + Level 5.6 Spellcasting
 + Level 3.0 Conjurations
   Level 1.1 Summonings
   Level 1.1 Translocations


You had 13 spell levels left.
You knew the following spells:

 Your Spells              Type           Power        Failure   Level  Hunger
a - Magic Dart            Conj           ###.         3%          1    None

Your spell library contained the following spells:

 Spells                   Type           Power        Failure   Level  Hunger
 Conjure Flame            Conj/Fire      ##......     19%         3    #......
 Slow                     Hex            #.......     19%         2    None
 Mephitic Cloud           Conj/Pois/Air  ##......     24%         3    #......
 Blink                    Tloc           N/A          11%         2    None
 Call Imp                 Summ           ##......     11%         2    None


Dungeon Overview and Level Annotations

Branches:
Dungeon (3/15)

Altars:


Message History

The gnoll hits you with a club!
* * * LOW HITPOINT WARNING * * *
Casting: Magic Dart (safe; 3% risk of failure)
Confirm with . or Enter, or press ? or * to list all spells.
Aiming: Magic Dart (safe; 3% risk of failure)
Press: ? - help, Shift-Dir - straight line, f/p - gnoll
Aim: a gnoll, wielding a club (severely wounded)
The magic dart hits the gnoll.
The gnoll is severely wounded.
The gnoll hits you with a club!
* * * LOW HITPOINT WARNING * * *
Casting: Magic Dart (safe; 3% risk of failure)
Confirm with . or Enter, or press ? or * to list all spells.
Aiming: Magic Dart (safe; 3% risk of failure)
Press: ? - help, Shift-Dir - straight line, f/p - gnoll
Aim: a gnoll, wielding a club (severely wounded)
The magic dart hits the gnoll.
The gnoll is severely wounded.
The gnoll hits you with a club.
You die...

##############
##.....##.g@..##
##..............##
#................#
#................#
#................#
#................#####
#.............[.......
#.....................
##...)....).....######


You could see a gnoll.

Vanquished Creatures
  4 gnolls
  An adder (D:2)
  A dart slug (D:1)
  2 leopard geckos
  An orc (D:3)
  2 giant cockroaches (D:1)
  5 goblins (D:1)
  5 hobgoblins
  5 kobolds
  A quokka (D:2)
  A ball python (D:3)
  5 bats
  3 frilled lizards
  4 rats
40 creatures vanquished.

Notes
Turn   | Place    | Note
-------+----------+-------------------------------------------
     0 | D:1      | Htamos the Deep Elf Wizard began the quest for the Orb.
     0 | D:1      | Reached XP level 1. HP: 10/10 MP: 7/7
   244 | D:1      | Reached XP level 2. HP: 15/15 MP: 6/9
   566 | D:1      | Reached skill level 5 in Spellcasting
  1108 | D:1      | Reached XP level 3. HP: 19/19 MP: 7/11
  2217 | D:3      | Reached skill level 1 in Shields
  2217 | D:3      | Reached XP level 4. HP: 24/24 MP: 5/13
  2382 | D:3      | Slain by a gnoll

Skill      XL: |  1  2  3  4 |
---------------+-------------+-----
Conjurations   | 2 3 |  3.0
Spellcasting   | 5 |  5.6
Shields        | 1 |  1.3
Dodging        | |  2.4
Stealth        | |  2.4
Summonings     | |  1.1
Translocations | |  1.1

Action                   |  1- 3 |  4- 6 || total
-------------------------+-------+-------++-------
 Cast: Magic Dart        |    86 |    15 ||   101
  Eat: Chunk             |     4 |       ||     4
Armor: Robe              |     1 |     2 ||     3
Dodge: Dodged            |    15 |     2 ||    17
Block: Buckler           |       |     1 ||     1
